 Dungeon Crawl Stone Soup version 0.28-a0-706-gf6f64a616a (webtiles) character file.

Game seed: 16282975707840126553

37 KoroneIsBestGirl the Chiller (level 3, -9/24 HPs)
             Began as a Barachi Ice Elementalist on Oct 24, 2021.
             Was a Follower of Kikubaaqudgha.
             Mangled by a gnoll (12 damage)
             ... on level 2 of the Dungeon.
             The game lasted 00:01:57 (1897 turns).

KoroneIsBestGirl the Chiller (BaIE)                 Turns: 1897, Time: 00:01:58

Health: -9/24      AC:  2    Str:  9    XL:     3   Next: 41%
Magic:  3/7        EV: 12    Int: 16    God:    Kikubaaqudgha [*.....]
Gold:   22         SH:  0    Dex: 12    Spells: 3/7 levels left

rFire   . . .      SeeInvis .   b - +0 club
rCold   . . .      Faith    .   (no shield)
rNeg    . . .      Spirit   .   a - +0 robe
rPois   .          Reflect  .   (no helmet)
rElec   .          Harm     .   (no cloak)
rCorr   .          Rampage  .   (no gloves)
Will    .....                   (no boots)
Stlth   ++........              (no amulet)
HPRegen 0.08/turn               (no ring)
MPRegen 0.10/turn               (no ring)

@: freezing walls, slow
A: amphibious, slowness 1, strong legs 1, +LOS
a: Hop, Renounce Religion, Receive Corpses


You were on level 2 of the Dungeon.
You worshipped Kikubaaqudgha.
Kikubaaqudgha was aware of your devotion.
You visited 1 branch of the dungeon, and saw 2 of its levels.

You collected 22 gold pieces.

Inventory:

Hand Weapons
 b - a +0 club (weapon)
Armour
 a - a +0 robe (worn)
Scrolls
 d - a scroll of enchant armour
 f - 2 scrolls of brand weapon
Potions
 c - a potion of lignification {unknown}


   Skills:
 + Level 3.0 Dodging
 - Level 1.7 Stealth
 + Level 2.8 Spellcasting
 + Level 5.3 Ice Magic


You had 3 spell levels left.
You knew the following spells:

 Your Spells              Type           Power      Damage    Failure   Level
a - Freeze                Ice            76%        1d9       2%          1
b - Frozen Ramparts       Ice            38%        1d5       6%          3

Your spell library contained the following spells:

 Spells                   Type           Power      Damage    Failure   Level
 Ozocubu's Armour         Ice            19%        N/A       6%          3
 Pain                     Necr           8%         1d4       19%         1
 Corpse Rot               Necr/Air       4%         N/A       28%         2
 Sublimation of Blood     Necr           1%         N/A       28%         2
 Vampiric Draining        Necr           1%         2d6       50%         3
 Hailstorm                Conj/Ice       10%        3d5       54%         4


Dungeon Overview and Level Annotations

Branches:
Dungeon (2/15)

Altars:
Kikubaaqudgha


Innate Abilities, Weirdness & Mutations

You are amphibious.
You cover ground slowly.
You can hop short distances.
You have an extended range of vision and can be seen from far away.


Message History

No target in view!
HP restored.
Found a helmet.
No target in view!
You see here 19 arrows.
The gnoll shouts!
There are monsters nearby!
The gnoll shouts!
The goblin shouts!
You hit the gnoll but do no damage. The gnoll hits you with a +0 flail.
You hit the gnoll but do no damage.
A hobgoblin comes into view.
The gnoll hits you with a +0 flail!
Casting: Freeze (safe; 2% risk of failure)
Confirm with . or Enter, or press ? or * to list all spells.
The spell is quite dangerous to cast (6% risk of failure)!
Continue anyway?
Okay, then.
Casting: Frozen Ramparts (quite dangerous; 6% risk of failure)
Confirm with . or Enter, or press ? or * to list all spells.
The spell is quite dangerous to cast (6% risk of failure)!
Continue anyway?
Casting: Frozen Ramparts (quite dangerous; 6% risk of failure)
Press: ? - help, Dir - look around, f - activate The walls around you are covered in ice.
The hobgoblin shouts!
The wall freezes the giant cockroach.
The wall freezes the gnoll.
The gnoll hits you with a +0 flail.
* * * LOW HITPOINT WARNING * * *
The wall freezes the rat.
Casting: Frozen Ramparts (quite dangerous; 6% risk of failure)
Confirm with . or Enter, or press ? or * to list all spells.
Aiming: Freeze (safe; 2% risk of failure)
Press: ? - help, Shift-Dir - straight line, f - gnoll
Aim: a gnoll, wielding a +0 flail (moderately wounded)
You freeze the gnoll!
You kill the gnoll!
Kikubaaqudgha accepts your kill.
The wall freezes the giant cockroach.
The wall freezes the gnoll.
The gnoll hits you from afar with a +0 halberd!
Ouch! That really hurt!
You die...
Kikubaaqudgha rasps: "You have failed me!
Welcome... death!"

# .. ...
##################.......
............$...g.ggg....
##################.......
##### ####g...... #...#
##.@B.g..... #...#
#..##r...... #####...#
#.## ###### ........#
##.# ..###...# ##..#
#..##...# #.(##
##..#...####.#####...
##....###...........
#####........#####[..


You could see a gnoll, a giant cockroach, a hobgoblin, a goblin and a rat.

Vanquished Creatures
  3 gnolls
  A worm (D:2)
  2 dart slugs (D:1)
  A ball python (D:2)
  A giant cockroach (D:2)
  A goblin (D:1)
  2 hobgoblins (D:1)
  A frilled lizard (D:1)
  2 rats
14 creatures vanquished.

Notes
Turn   | Place    | Note
-------+----------+-------------------------------------------
     0 | D:1      | KoroneIsBestGirl the Barachi Ice Elementalist began the
                  | quest for the Orb.
     0 | D:1      | Reached XP level 1. HP: 13/13 MP: 3/3
   249 | D:1      | Found a faded altar of an unknown god.
   276 | D:1      | Reached skill level 5 in Ice Magic
   300 | D:1      | Prayed at the altar of an unknown god.
   300 | D:1      | Became a worshipper of Kikubaaqudgha
   300 | D:1      | Reached * piety under Kikubaaqudgha
   300 | D:1      | Received a gift from Kikubaaqudgha
   445 | D:1      | Reached XP level 2. HP: 8/19 MP: 1/5
  1633 | D:1      | Reached XP level 3. HP: 17/24 MP: 2/7
  1659 | D:2      | Learned a level 3 spell: Frozen Ramparts
  1897 | D:2      | Mangled by a gnoll

Illustrated notes

Levels and vault maps discovered:
D:1:      psy_arrival_whirlpool, layout_loops_ring,
          shapermc_ecumenical_altar_mp_urbaneastern
D:2:      layout_rooms, minmay_indecisive_spiral

Skill      XL: |  1  2  3 |
---------------+----------+-----
Ice Magic      | 5 |  5.3
Dodging        | 3 |  3.0
Stealth        | |  1.7
Spellcasting   | |  2.8

Action                   || total
-------------------------++-------
Melee: Unarmed           ||     7
       Club              ||    15
 Cast: Freeze            ||    26
       Frozen Ramparts   ||     1
 Abil: Hop               ||     2
  Use: Scroll            ||     2
 Stab: Sleeping          ||     1
Armor: Robe              ||     4
Dodge: Dodged            ||    28

Table legend: (Time is in decaauts)
 A = Elapsed time spent in this place.
 B = Non-inter-level travel time spent in this place.
 C = Inter-level travel time spent in this place.
 D = Time resting spent in this place.
 E = Time spent auto-exploring this place.
 F = Levels seen in this place.
 G = Mean time per level.
                   A        B        C        D        E       F      G
               +--------+--------+--------+--------+--------+-----+--------+
         Total |   2084 |   1986 |     98 |    410 |   1337 |   2 | 1042.0 |
       Dungeon |   2084 |   1986 |     98 |    410 |   1337 |   2 | 1042.0 |
               +--------+--------+--------+--------+--------+-----+--------+

Top non-repeatable levels by time:
     D:1: 1503 daAuts
     D:2: 581 daAuts
